 Dungeon Crawl Stone Soup version 0.30-a0-739-gea05faddec (webtiles) character file.

Game seed: 2047061480514281806

555 scionoferis the Ducker (level 6, -2/51 HPs)
             Began as a Demigod Hexslinger on Feb 5, 2023.
             Slain by a hound (4 damage)
             ... on level 4 of the Dungeon.
             The game lasted 00:08:45 (3337 turns).

scionoferis the Ducker (Demigod Hexslinger)         Turns: 3337, Time: 00:08:45

Health: -2/51      AC:  3    Str: 11    XL:     6   Next: 81%
Magic:  0/10       EV: 15    Int: 15    God:
Gold:   231        SH:  0    Dex: 22    Spells: 6/7 levels left

rFire   . . .      SeeInvis .    a - +0 short sword (venom)
rCold   . . .      Faith    .    (no shield)
rNeg    . . .      Spirit   +    c - +0 robe
rPois   .          Reflect  .    (no helmet)
rElec   .          Harm     .    (no cloak)
rCorr   .          Rampage  .    s - +0 pair of gloves
Will    .....                    (no boots)
Stlth   +++                      v - amulet of guardian spirit
HPRegen 0.28/turn                (no ring)
MPRegen 0.12/turn                (no ring)

@: no status effects
A: high MP 1, forlorn, divine attributes
a: no special abilities


You were on level 4 of the Dungeon.
You visited 1 branch of the dungeon, and saw 5 of its levels.

You collected 231 gold pieces.


Innate Abilities, Weirdness & Mutations

You have an increased reservoir of magic. (+10% MP)
You shall have no god before yourself.
Your divine heritage dramatically boosts your attributes as you level up.


   Skills:
 + Level 3.0 Fighting
 * Level 2.9 Long Blades
 - Level 1.7 Ranged Weapons
 * Level 4.6 Dodging
 + Level 3.0 Stealth
 - Level 1.0 Spellcasting
 - Level 2.6 Hexes


You had 6 spell levels left.
You knew the following spells:

 Your Spells              Type           Power      Damage    Failure   Level
a - Slow                  Hex            32%        N/A       9%          1

Your spell library contained the following spells:

 Spells                   Type           Power      Damage    Failure   Level
 Confusing Touch          Hex            8%         N/A       24%         3
 Sublimation of Blood     Necr           0%         N/A       36%         2
 Wereblood                Tmut           0%         N/A       36%         2
 Inner Flame              Hex/Fire       4%         N/A       38%         3
 Portal Projectile        Hex/Tloc       8%         N/A       38%         3
 Gell's Gravitas          Tloc           0%         N/A       58%         3
 Teleport Other           Tloc           0%         N/A       58%         3
 Vampiric Draining        Necr           0%         2d6       58%         3
 Cause Fear               Hex            4%         N/A       63%         4
 Dispersal                Tloc           0%         N/A       100%        6
 Summon Hydra             Summ           0%         N/A       100%        7

Inventory:

Hand Weapons
 a - a +0 short sword of venom (weapon)
   (You took it off an orc on level 3 of the Dungeon)
 b - a +1 sling
 i - a +0 dagger
   (You took it off a goblin on level 2 of the Dungeon)
 k - a +0 broad axe
   (You found it on level 2 of the Dungeon)
 u - a +1 vampiric war axe
   (You took it off an orc on level 3 of the Dungeon)
Missiles
 n - 2 boomerangs (quivered)
 p - 4 poisoned darts
 y - 2 throwing nets
Armour
 c - a +0 robe (worn)
 s - a +0 pair of gloves (worn)
   (You found it on level 3 of the Dungeon)
Jewellery
 v - an amulet of guardian spirit (around neck)
   (You took it off a hobgoblin on level 4 of the Dungeon)
Wands
 m - a wand of flame (38)
   (You took it off a hobgoblin on level 3 of the Dungeon)
Scrolls
 d - 3 scrolls of teleportation {unknown}
 e - a scroll of summoning
 f - 2 scrolls of immolation
 g - 2 scrolls of enchant weapon
 o - 2 scrolls of noise {unknown}
 q - 2 scrolls of poison
 r - a scroll of fog
Potions
 h - a potion of flight {unknown}
 l - a potion of curing
 t - 2 potions of berserk rage {unknown}
 w - 2 potions of degeneration {unknown}
 x - a potion of heal wounds {unknown}

Dungeon Overview and Level Annotations

Branches:
Dungeon (5/15)
 Temple: D:4-7

.#....#.##.######..# #
###.#......(.......########## #
#....<.........<......^.....# #
.....####.#.#####...#######.### #
#.##.# #.#.## #...# #.....# #
#.##.# #....## #...# #.###)###
#)##.####...<.###...# ##.###....
...#.>.#.......##...####...##.###
...#.#.......>lh@.............# #
...#...#.......##.#.####....### #
......###.....###.#.# ####.# #
......# ##...## #.#.#######.#####
......# ##.## #................
...#.######.# #################
...#........# ...########## ####


You could see an iguana and a hound (slow).


Message History

b - a +1 sling (weapon);
a - 2 scrolls of poison Adjust to which letter? (? for menu, Esc to quit)
a - a +0 short sword of venom;
q - 2 scrolls of poison A scorpion comes into view.
Your +0 short sword of venom begins to drip with poison!
a - a +0 short sword of venom (weapon)
Throw: 4 darts (poison)
Press: ? - help, Q - select action, (/) - cycle Shift-Dir - straight line, f - scorpion
Aim: a scorpion (62% to hit)
You throw a poisoned dart. The poisoned dart hits the scorpion.
The scorpion is poisoned.
You hit the scorpion but do no damage.
The scorpion looks even sicker.
The scorpion is lightly wounded.
The scorpion barely misses you.
The scorpion stings you but does no damage.
You hit the scorpion but do no damage.
The scorpion looks as sick as possible!
The scorpion is lightly wounded.
The scorpion barely misses you.
You hit the scorpion but do no damage.
The scorpion looks as sick as possible!
The scorpion is heavily wounded.
The scorpion closely misses you.
You hit the scorpion.
You kill the scorpion!
Your Long Blades skill increases to level 1!
A bat comes into view.
You see here a poisoned dart.
p - 4 poisoned darts (gained 1)
Your +0 short sword of venom stops dripping with poison.
b - a +1 sling (weapon)
You shoot a sling bullet. The sling bullet hits the bat.
You kill the bat!
Your Stealth skill increases to level 2!
No target in view!
No target in view!
You see here a bat corpse.
You now have 180 gold pieces (gained 9).
Your +0 short sword of venom begins to drip with poison!
a - a +0 short sword of venom (weapon)
Throw: 4 darts (poison)
Press: ? - help, Q - select action, (/) - cycle Shift-Dir - straight line, f - black bear
Aim: a black bear (wandering, hasn't noticed you, 69% to hit)
You throw a poisoned dart. The poisoned dart hits the black bear.
The black bear is poisoned.
Throw: 3 darts (poison)
Press: ? - help, Q - select action, (/) - cycle Shift-Dir - straight line, f/p - black bear
Aim: a black bear (lightly wounded, poisoned, 69% to hit)
You throw a poisoned dart. The poisoned dart hits the black bear.
The black bear looks even sicker.
The black bear is lightly wounded.
Throw: 2 darts (poison)
Press: ? - help, Q - select action, (/) - cycle Shift-Dir - straight line, f/p - black bear
Aim: a black bear (lightly wounded, very poisoned, 69% to hit)
You throw a poisoned dart.
The poisoned dart closely misses the black bear.
Throw: dart (poison)
Press: ? - help, Q - select action, (/) - cycle Shift-Dir - straight line, f/p - black bear
Aim: a black bear (lightly wounded, very poisoned, 69% to hit)
You throw a poisoned dart.
The poisoned dart closely misses the black bear.
Casting: Slow (safe; 9% risk of failure)
Confirm with . or Enter, or press ? or * to list all spells.
Aiming: Slow (safe; 9% risk of failure)
Press: ? - help, Shift-Dir - straight line, f/p - black bear
Aim: a black bear (moderately wounded, very poisoned, chance to affect: 41%)
The black bear resists with some effort.
You hit the black bear.
The black bear is heavily wounded.
The black bear bites you. The black bear misses you.
The black bear barely misses you.
You closely miss the black bear.
The black bear is heavily wounded.
The black bear completely misses you. The black bear claws you. x2
You barely miss the black bear.
The black bear is heavily wounded.
The black bear bites you. The black bear misses you.
The black bear claws you but does no damage.
You hit the black bear but do no damage.
The black bear looks even sicker.
The black bear is heavily wounded.
The black bear bites you. The black bear completely misses you.
The black bear claws you but does no damage.
You hit the black bear.
The black bear looks as sick as possible!
The black bear is severely wounded.
The black bear goes berserk!
You hit the black bear.
The black bear is almost dead.
The black bear misses you. The black bear completely misses you.
The black bear claws you.
You barely miss the black bear.
The black bear is almost dead.
You kill the black bear!
You have reached level 5!
Your +0 short sword of venom stops dripping with poison.
b - a +1 sling (weapon)
Magic restored.
HP restored.
You see here a black bear corpse.
p - 3 poisoned darts
p - 4 poisoned darts (gained 1)
There is a stone staircase leading up here.
There is a stone staircase leading down here.
An endoplasm comes into view.
The endoplasm moves out of view.
The endoplasm quivers.
You shoot a sling bullet.
The sling bullet hits the endoplasm but does no damage.
You shoot a sling bullet. The sling bullet hits the endoplasm.
The endoplasm is moderately wounded.
The endoplasm misses you.
You shoot a sling bullet. The sling bullet hits the endoplasm!
You kill the endoplasm!
No target in view!
l - 2 red potions (gained 1)
r - a scroll labelled BYAHYMI GAISA You see here a rat skeleton.
There is an escape hatch in the ceiling here.
Found a pair of gloves.
Found 2 lumpy blue potions.
You see here a +0 pair of gloves.
s - a +0 pair of gloves You start putting on your armour.
You continue putting on your +0 pair of gloves. x4
You finish putting on your +0 pair of gloves.
t - 2 lumpy blue potions A frilled lizard comes into view.
You shoot a sling bullet.
The sling bullet hits the frilled lizard!
You kill the frilled lizard!
No target in view!
No target in view!
You see here a frilled lizard corpse.
You now have 194 gold pieces (gained 14).
Done exploring.
Done exploring.
Things that are here:
a +0 leather armour; a +0 club
There is an escape hatch in the floor here.
There is a stone staircase leading up here.
There is a stone staircase leading down here.
Search for what [Enter for ":", or ? for help]? d: Unknown command.
You climb downwards.
Found a stone.
There is a stone staircase leading up here.
There is a stone staircase leading up here.
A ball python comes into view.
You shoot a sling bullet. The sling bullet hits the ball python.
The ball python hisses angrily.
The ball python is heavily wounded.
You shoot a sling bullet.
The sling bullet closely misses the ball python.
You shoot a sling bullet.
The sling bullet closely misses the ball python.
You shoot a sling bullet.
The sling bullet barely misses the ball python.
You shoot a sling bullet.
The sling bullet barely misses the ball python.
The ball python barely misses you. The ball python grabs you.
The ball python constricts you. The ball python barely misses you.
The ball python constricts you.
You shoot a sling bullet. The sling bullet hits the ball python.
You kill the ball python!
No target in view!
No target in view!
Found a stone staircase leading up.
Found an escape hatch in the ceiling.
Found a stone staircase leading down.
No target in view!
Found a stone staircase leading down.
Found a stone staircase leading down.
An orc and an orc wizard come into view.
The orc shouts!
You shoot a sling bullet. The orc wizard shouts!
The sling bullet hits the orc wizard.
The orc wizard is moderately wounded.
You hear a shout!
An orc comes into view. It is wielding a +1 vampiric war axe.
An orc comes into view. It is wielding a +0 club.
You shoot a sling bullet.
The sling bullet closely misses the orc wizard.
The orc shouts!
The sling bullet hits the orc.
The orc is heavily wounded.
The orc wizard gestures at you while chanting.
The magic dart hits you.
You shoot a sling bullet. The sling bullet hits the orc.
The orc is severely wounded.
You shoot a sling bullet. The sling bullet hits the orc!
You kill the orc!
The orc wizard gestures at you while chanting.
You resist with some effort.
You shoot a sling bullet. The sling bullet hits the orc.
The orc is lightly wounded.
You shoot a sling bullet. The sling bullet hits the orc wizard.
The orc wizard is severely wounded.
An endoplasm comes into view.
You shoot a sling bullet. The sling bullet hits the endoplasm!
You kill the endoplasm!
You shoot a sling bullet.
The sling bullet closely misses the orc wizard.
The orc wizard closely misses you.
You shoot a sling bullet.
The sling bullet hits the orc wizard but does no damage.
The orc wizard is severely wounded.
You shoot a sling bullet.
The sling bullet completely misses the orc wizard.
The orc wizard hits you with a +0 dagger.
The orc wizard barely misses you.
The orc hits you with a +1 vampiric war axe.
The orc draws strength from your wounds!
You shoot a sling bullet.
The sling bullet hits the orc wizard but does no damage.
The orc wizard is severely wounded.
The orc wizard hits you with a +0 dagger.
The orc hits you with a +1 vampiric war axe!
You shoot a sling bullet. The sling bullet hits the orc wizard.
The orc wizard is almost dead.
The orc wizard gestures at you while chanting.
You are confused.
The orc barely misses you.
You are too confused!
You are too confused!
The orc wizard attacks as you move away!
The orc wizard barely misses you.
The orc wizard points at you and mumbles some strange words.
The puff of flame hits you!
The orc wizard casts a spell.
The orc wizard flickers and vanishes!
Deactivating autopickup; reactivate with Ctrl-A.
You hear some strange, mumbled words.
Something tries to affect you, but you resist.
There is a stone staircase leading up here.
You feel less confused.
The orc hits you with a +1 vampiric war axe!
* * * LOW HITPOINT WARNING * * *
You climb upwards.
Reactivating autopickup.
There is a stone staircase leading down here.
Okay, then.
Unknown command.
Casting: Slow (safe; 9% risk of failure)
Confirm with . or Enter, or press ? or * to list all spells.
Aiming: Slow (safe; 9% risk of failure)
Press: ? - help, Shift-Dir - straight line, f - orc
Aim: an orc, wielding a +1 vampiric war axe and wearing a +0 leather armour (chance to affect: 59%)
You miscast Slow.
You are very lightly contaminated with residual magic.
Nothing appears to happen.
The orc barely misses you.
Casting: Slow (safe; 9% risk of failure)
Confirm with . or Enter, or press ? or * to list all spells.
Aiming: Slow (safe; 9% risk of failure)
Press: ? - help, Shift-Dir - straight line, f/p - orc
Aim: an orc, wielding a +1 vampiric war axe and wearing a +0 leather armour (chance to affect: 59%)
The orc resists with significant effort.
The orc barely misses you.
It was a potion of curing.
You feel better.
The orc hits you with a +1 vampiric war axe!
* * * LOW HITPOINT WARNING * * *
Casting: Slow (safe; 9% risk of failure)
Confirm with . or Enter, or press ? or * to list all spells.
Aiming: Slow (safe; 9% risk of failure)
Press: ? - help, Shift-Dir - straight line, f/p - orc
Aim: an orc, wielding a +1 vampiric war axe and wearing a +0 leather armour (chance to affect: 59%)
The orc seems to slow down.
The orc completely misses you.
Your magical contamination has completely faded away.
You see here a +0 robe.
The orc is no longer moving slowly.
There is a stone staircase leading up here.
You climb upwards.
There is a stone staircase leading down here.
Magic restored.
There is a stone staircase leading down here.
You start resting.
HP restored.
You climb downwards.
There is a stone staircase leading up here.
You shoot a sling bullet. The orc shouts!
The sling bullet hits the orc but does no damage.
You shoot a sling bullet. The sling bullet hits the orc.
The orc is heavily wounded.
You shoot a sling bullet. The sling bullet hits the orc!
You kill the orc!
No target in view!
Things that are here:
a +1 vampiric war axe; a +0 leather armour; an orc corpse
u - a +1 vampiric war axe
There is a stone staircase leading down here.
You climb downwards.
There is a stone staircase leading up here.
You shoot a sling bullet.
The sling bullet hits the kobold but does no damage.
The kobold shouts!
You shoot a sling bullet. The sling bullet hits the kobold.
The kobold is severely wounded.
A hobgoblin comes into view.
The kobold closely misses you.
You shoot a sling bullet.
The sling bullet barely misses the kobold.
The sling bullet hits the hobgoblin.
The hobgoblin is lightly wounded.
The kobold misses you.
You shoot a sling bullet. The sling bullet hits the kobold.
You kill the kobold!
You hear a shout!
You hear an angry hiss.
You shoot a sling bullet.
The sling bullet barely misses the hobgoblin.
You hear a shout!
The hobgoblin completely misses you.
You shoot a sling bullet. The sling bullet hits the hobgoblin.
The hobgoblin is moderately wounded.
The hobgoblin misses you.
You shoot a sling bullet. The sling bullet hits the hobgoblin.
You kill the hobgoblin!
No target in view!
No target in view!
There is a stone staircase leading up here.
Things that are here:
a +0 whip; a kobold corpse A goblin comes into view.
It is wielding a +0 dagger.
A goblin is nearby!
You shoot a sling bullet. The sling bullet hits the goblin.
The goblin is moderately wounded.
You shoot a sling bullet. The sling bullet hits the goblin.
You kill the goblin!
No target in view!
No target in view!
No target in view!
You now have 196 gold pieces (gained 2).
An adder comes into view.
You shoot a sling bullet. The sling bullet hits the adder.
The adder is moderately wounded.
You shoot a sling bullet.
The sling bullet hits the adder but does no damage.
The adder is moderately wounded.
You shoot a sling bullet.
The sling bullet closely misses the adder.
The adder bites you but does no damage.
You shoot a sling bullet. The sling bullet hits the adder.
The adder is heavily wounded.
The adder barely misses you. The adder bites you.
You are poisoned.
The adder poisons you!
You shoot a sling bullet.
The sling bullet barely misses the adder.
You feel sick. The adder completely misses you.
You shoot a sling bullet.
The sling bullet closely misses the adder.
You feel sick. The adder barely misses you. The adder misses you.
You shoot a sling bullet. The sling bullet hits the adder.
The adder is heavily wounded.
You feel sick.
You are no longer poisoned.
The adder bites you but does no damage. The adder misses you.
You shoot a sling bullet.
The sling bullet barely misses the adder.
The adder closely misses you. The adder barely misses you.
You shoot a sling bullet. The sling bullet hits the adder!
You kill the adder!
A worm comes into view.
You shoot a sling bullet. The sling bullet hits the worm.
The worm is lightly wounded.
You shoot a sling bullet. The sling bullet hits the worm.
The worm is lightly wounded.
You shoot a sling bullet.
The sling bullet barely misses the worm.
You shoot a sling bullet. The sling bullet hits the worm!
The worm is heavily wounded.
You shoot a sling bullet.
The sling bullet barely misses the worm.
The worm bites you but does no damage.
Your +0 short sword of venom begins to drip with poison!
a - a +0 short sword of venom (weapon)
You completely miss the worm.
The worm is moderately wounded.
The worm bites you!
You hit the worm.
The worm is heavily wounded.
The worm barely misses you.
You barely miss the worm.
The worm is heavily wounded.
You hit the worm but do no damage.
The worm is poisoned.
The worm is heavily wounded.
The worm closely misses you.
You hit the worm.
The worm looks as sick as possible!
The worm is heavily wounded.
You hit the worm.
The worm looks as sick as possible!
The worm is almost dead.
You kill the worm!
No target in view!
Your +0 short sword of venom stops dripping with poison.
b - a +1 sling (weapon)
HP restored.
A hobgoblin comes into view.
You shoot a sling bullet. The sling bullet hits the hobgoblin.
The hobgoblin is lightly wounded.
You shoot a sling bullet. The sling bullet hits the hobgoblin.
The hobgoblin is heavily wounded.
You shoot a sling bullet. The sling bullet hits the hobgoblin.
You kill the hobgoblin!
No target in view!
No target in view!
A jelly comes into view.
You shoot a sling bullet. The jelly quivers.
The sling bullet hits the jelly.
The jelly is moderately wounded.
You shoot a sling bullet. The sling bullet hits the jelly!
The jelly is almost dead.
You shoot a sling bullet. The sling bullet hits the jelly.
You kill the jelly!
Your Long Blades skill increases to level 2!
Your Dodging skill increases to level 4!
No target in view!
No target in view!
v - an amulet of guardian spirit
There are no items here.
You start putting on your amulet.
You continue putting on your amulet of guardian spirit. x5
You finish putting on your amulet of guardian spirit.
You feel your power drawn to a protective spirit.
v - an amulet of guardian spirit (around neck)
A giant cockroach comes into view.
You shoot a sling bullet.
The sling bullet hits the giant cockroach!
You kill the giant cockroach!
No target in view!
No target in view!
Found a blossoming altar of Fedhas.
A hound comes into view.
Found a scroll labelled IKHEF GIPANO.
The hound barks!
You shoot a sling bullet.
The sling bullet hits the hound but does no damage.
You shoot a sling bullet.
The sling bullet closely misses the hound.
You shoot a sling bullet.
The sling bullet barely misses the hound.
You shoot a sling bullet.
The sling bullet barely misses the hound.
The hound splashes around in the water.
The hound bites you.
You shoot a sling bullet.
The sling bullet closely misses the hound.
The hound bites you but does no damage. The hound closely misses you.
You shoot a sling bullet.
The sling bullet barely misses the hound.
The hound splashes around in the water.
The hound bites you.
You shoot a sling bullet.
The sling bullet closely misses the hound.
The hound bites you but does no damage. The hound barely misses you.
Your +0 short sword of venom begins to drip with poison!
a - a +0 short sword of venom (weapon)
You closely miss the hound.
The hound splashes around in the water.
The hound closely misses you.
You hit the hound but do no damage.
The hound is poisoned.
The hound closely misses you.
You hit the hound.
The hound is moderately wounded.
The hound splashes around in the water. x2
You barely miss the hound.
The hound is moderately wounded.
The hound closely misses you.
You hit the hound. You punch the hound.
The hound is heavily wounded.
The hound bites you. The hound misses you.
You hit the hound.
The hound looks as sick as possible!
The hound is almost dead.
The hound closely misses you.
You hit the hound.
You kill the hound!
Your +0 short sword of venom stops dripping with poison.
b - a +1 sling (weapon)
A worm comes into view.
You shoot a sling bullet.
The sling bullet hits the worm but does no damage.
You shoot a sling bullet.
The sling bullet barely misses the worm.
You shoot a sling bullet. The sling bullet hits the worm.
The worm is moderately wounded.
You shoot a sling bullet. The sling bullet hits the worm.
The worm is heavily wounded.
A quokka comes into view.
You shoot a sling bullet. The sling bullet hits the quokka.
You kill the quokka!
You have reached level 6!
Your experience leads to a dramatic increase in your attributes!
Increase (S)trength, (I)ntelligence, or (D)exterity?
You feel agile. x4
You shoot a sling bullet.
The sling bullet barely misses the worm.
You shoot a sling bullet. The sling bullet hits the worm.
The worm is moderately wounded.
You shoot a sling bullet.
The sling bullet barely misses the worm.
You shoot a sling bullet. The sling bullet hits the worm.
The worm is heavily wounded.
You shoot a sling bullet.
The sling bullet barely misses the worm.
Your +0 short sword of venom begins to drip with poison!
a - a +0 short sword of venom (weapon)
You hit the worm.
The worm is poisoned.
The worm is moderately wounded.
The worm closely misses you.
You hit the worm.
The worm is severely wounded.
You hit the worm.
The worm is severely wounded.
The worm bites you.
You barely miss the worm.
The worm is almost dead.
You kill the worm!
Your +0 short sword of venom stops dripping with poison.
b - a +1 sling (weapon)
You see here a worm corpse.
j - 3 scrolls labelled IKHEF GIPANO (gained 1)
You pick up a book of Blood and begin reading...
You add the spells Sublimation of Blood, Wereblood and Summon Hydra to your library.
j - 4 scrolls labelled IKHEF GIPANO (gained 1)
w - a bubbling silvery potion A dart slug and a jelly come into view.
The jelly quivers.
You shoot a sling bullet. The sling bullet hits the jelly!
The jelly is heavily wounded.
You shoot a sling bullet. The sling bullet hits the jelly.
The jelly is almost dead.
You shoot a sling bullet. The sling bullet hits the jelly.
The jelly is almost dead.
You shoot a sling bullet.
The sling bullet hits the jelly but does no damage.
The jelly is almost dead.
The jelly jiggles.
The jelly hits you but does no damage.
You shoot a sling bullet.
The sling bullet barely misses the jelly.
The sling bullet hits the dart slug but does no damage.
The jelly closely misses you. The jelly barely misses you.
You shoot a sling bullet. The sling bullet hits the jelly!
You kill the jelly!
The dart slug launches a dart at you. The slug dart hits you.
You shoot a sling bullet.
The sling bullet barely misses the dart slug.
The dart slug launches a dart at you. The slug dart misses you.
You shoot a sling bullet.
The sling bullet hits the dart slug but does no damage.
You shoot a sling bullet. The sling bullet hits the dart slug.
The dart slug is heavily wounded.
The dart slug misses you.
You shoot a sling bullet. The sling bullet hits the dart slug.
You kill the dart slug!
No target in view!
Magic restored.
You now have 205 gold pieces (gained 9).
A ball python comes into view.
You shoot a sling bullet. The sling bullet hits the ball python.
You kill the ball python!
No target in view!
No target in view!
No target in view!
A quokka comes into view.
You shoot a sling bullet. The sling bullet hits the quokka.
You kill the quokka!
No target in view!
No target in view!
You see here a ball python corpse.
You see here a quokka corpse.
x - a blue potion
Found a robe.
You shoot a sling bullet.
The sling bullet closely misses the orc wizard.
The orc wizard shouts!
You shoot a sling bullet. The sling bullet hits the orc wizard!
The orc wizard is heavily wounded.
You shoot a sling bullet.
The sling bullet barely misses the orc wizard.
The orc wizard hits you but does no damage.
You shoot a sling bullet.
The sling bullet barely misses the orc wizard.
The orc wizard points at you and mumbles some strange words.
You resist with some effort.
You shoot a sling bullet.
The sling bullet hits the orc wizard but does no damage.
The orc wizard is heavily wounded.
The orc wizard hits you but does no damage.
The orc wizard closely misses you.
You shoot a sling bullet.
The sling bullet closely misses the orc wizard.
The orc wizard closely misses you.
Your +0 short sword of venom begins to drip with poison!
a - a +0 short sword of venom (weapon)
The orc wizard hits you but does no damage.
You hit the orc wizard.
The orc wizard is severely wounded.
The orc wizard hits you with a +0 dagger.
You closely miss the orc wizard.
The orc wizard is severely wounded.
The orc wizard barely misses you.
You hit the orc wizard but do no damage.
The orc wizard is severely wounded.
You hit the orc wizard.
You kill the orc wizard!
No target in view!
Your +0 short sword of venom stops dripping with poison.
b - a +1 sling (weapon)
You now have 222 gold pieces (gained 17).
Things that are here:
a +0 dagger; a +0 robe; an orc corpse You see here a +0 robe.
An orc comes into view. It is wielding a +0 dagger.
You shoot a sling bullet. The sling bullet hits the orc.
The orc shouts!
The orc is heavily wounded.
You shoot a sling bullet. The sling bullet hits the orc.
You kill the orc!
No target in view!
No target in view!
Things that are here:
a +0 dagger; a +0 ring mail
Found a ring mail.
You see here a +0 ring mail.
You see here a +0 ring mail.
Things that are here:
a +0 dagger; a +0 ring mail A necrophage comes into view.
You shoot a sling bullet. The sling bullet hits the necrophage.
The necrophage is moderately damaged.
You shoot a sling bullet.
The sling bullet barely misses the necrophage.
You shoot a sling bullet.
The sling bullet barely misses the necrophage.
You shoot a sling bullet. The sling bullet hits the necrophage.
The necrophage is heavily damaged.
The necrophage barely misses you. The necrophage misses you.
You feel a sense of dread.
u - a +1 vampiric war axe (weapon)
You hit the necrophage.
The necrophage is heavily damaged.
The necrophage barely misses you. x2
You hit the necrophage.
The necrophage is heavily damaged.
The necrophage hits you.
You hit the necrophage but do no damage.
The necrophage is heavily damaged.
The necrophage misses you. The necrophage closely misses you.
You hit the necrophage.
The necrophage is severely damaged.
The necrophage hits you.
You feel drained.
You hit the necrophage.
The necrophage is almost destroyed.
The necrophage barely misses you.
An endoplasm comes into view.
The necrophage barely misses you.
The endoplasm moves out of view.
You hit the necrophage but do no damage.
The necrophage is almost destroyed.
The necrophage hits you but does no damage.
You closely miss the necrophage.
The necrophage is almost destroyed.
The necrophage closely misses you. The necrophage completely misses you.
You barely miss the necrophage.
The necrophage is almost destroyed.
The necrophage misses you.
You slash the necrophage!
You destroy the necrophage!
Your life force feels restored.
No target in view!
You feel the dreadful sensation subside.
Your +0 short sword of venom begins to drip with poison!
a - a +0 short sword of venom (weapon)
Your +0 short sword of venom stops dripping with poison.
b - a +1 sling (weapon)
A goblin comes into view. It is wielding a +0 club.
You shoot a sling bullet. The sling bullet hits the goblin!
You kill the goblin!
You hear a shout! x2
No target in view!
No target in view!
An orc comes into view. It is wielding a +0 mace.
A goblin comes into view. It is wielding a +0 dagger.
You shoot a sling bullet.
The sling bullet closely misses the goblin.
The goblin shouts!
You shoot a sling bullet.
The sling bullet barely misses the goblin.
The sling bullet hits the orc but does no damage.
The goblin attacks as you move away! The goblin hits you but does no damage.
You shoot a sling bullet. The sling bullet hits the goblin.
The goblin is heavily wounded.
The goblin hits you but does no damage.
Your +0 short sword of venom begins to drip with poison!
a - a +0 short sword of venom (weapon)
You miss the goblin.
The goblin is heavily wounded.
The goblin closely misses you.
You hit the goblin.
You kill the goblin!
You hit the orc but do no damage.
The orc is poisoned.
The orc hits you with a +0 mace.
You barely miss the orc.
The orc is moderately wounded.
The orc closely misses you.
You hit the orc but do no damage.
The orc looks even sicker.
The orc is moderately wounded.
The orc closely misses you.
You closely miss the orc.
The orc is severely wounded.
You kill the orc!
No target in view!
Your +0 short sword of venom stops dripping with poison.
b - a +1 sling (weapon)
o - 2 scrolls labelled GUTOOCSI FUUDA (gained 1)
You now have 231 gold pieces (gained 9).
Items here: )) [ †.
A goblin comes into view. It is wielding a +0 club.
You shoot a sling bullet. The sling bullet hits the goblin.
You kill the goblin!
No target in view!
No target in view!
A jelly comes into view.
You shoot a sling bullet. The sling bullet hits the jelly!
The jelly is heavily wounded.
You shoot a sling bullet. The sling bullet hits the jelly!
You kill the jelly!
You shoot a sling bullet.
The sling bullet barely misses the endoplasm.
The endoplasm closely misses you. The endoplasm freezes you.
You are frozen.
Your +0 short sword of venom begins to drip with poison!
a - a +0 short sword of venom (weapon)
You hit the endoplasm.
The endoplasm is poisoned.
The endoplasm is almost dead.
You kill the endoplasm!
No target in view!
Your +0 short sword of venom stops dripping with poison.
b - a +1 sling (weapon)
An endoplasm comes into view.
You shoot a sling bullet. The sling bullet hits the endoplasm!
You kill the endoplasm!
No target in view!
No target in view!
An orc is nearby!
You shoot a sling bullet. The orc shouts!
The sling bullet hits the orc.
The orc is heavily wounded.
You shoot a sling bullet. The sling bullet hits the orc.
The orc is severely wounded.
You shoot a sling bullet.
The sling bullet hits the orc but does no damage.
The orc is severely wounded.
You shoot a sling bullet.
The sling bullet hits the orc but does no damage.
The orc is severely wounded.
The orc hits you with a +0 club.
Your +0 short sword of venom begins to drip with poison!
a - a +0 short sword of venom (weapon)
The orc closely misses you.
You hit the orc.
You kill the orc!
Your +0 short sword of venom stops dripping with poison.
b - a +1 sling (weapon)
There is an escape hatch in the ceiling here.
There is a stone staircase leading up here.
Items here: )) [ †.
Things that are here:
a +0 club; a goblin corpse
Items here: )) [ †.
There is a blossoming altar of Fedhas here.
You pick up a There-And-Back Book and begin reading...
You add the spells Gell's Gravitas, Teleport Other and Dispersal to your library.
You enter the shallow water.
Moving in this stuff is going to be slow.
y - 2 throwing nets You enter the shallow water.
Moving in this stuff is going to be slow.
An endoplasm comes into view.
You shoot a sling bullet. The sling bullet hits the endoplasm.
The endoplasm is severely wounded.
You shoot a sling bullet.
The sling bullet hits the endoplasm but does no damage.
The endoplasm is severely wounded.
You shoot a sling bullet.
The sling bullet barely misses the endoplasm.
You shoot a sling bullet. The sling bullet hits the endoplasm!
You kill the endoplasm!
No target in view! 2 orcs come into view.
Found an escape hatch in the floor.
You shoot a sling bullet. The sling bullet hits the orc!
You kill the orc!
The orc shouts!
You hear a shout! x2
An orc comes into view. It is wielding a +0 mace.
You shoot a sling bullet.
The sling bullet hits the orc but does no damage.
An orc comes into view. It is wielding a +0 short sword.
You shoot a sling bullet. The sling bullet hits the orc.
The orc is almost dead.
An orc comes into view. It is wielding a +0 club.
You shoot a sling bullet. The orc shouts!
The sling bullet hits the orc but does no damage.
The orc is almost dead.
You shoot a sling bullet. The sling bullet hits the orc.
You kill the orc!
You shoot a sling bullet. The sling bullet hits the orc!
You kill the orc!
You shoot a sling bullet. The sling bullet hits the orc.
The orc is almost dead.
A ball python comes into view.
The orc hits you with a +0 short sword.
You shoot a sling bullet.
The sling bullet closely misses the orc.
The ball python hisses angrily.
The orc hits you with a +0 short sword.
Your +0 short sword of venom begins to drip with poison!
a - a +0 short sword of venom (weapon)
You hit the orc.
You kill the orc!
The orc hits you with a +0 club.
You hit the orc.
The orc is poisoned.
The orc is severely wounded.
You kill the orc!
The ball python bites you but does no damage.
The ball python closely misses you.
You see here a +0 club.
You closely miss the ball python.
The ball python bites you but does no damage.
The ball python barely misses you.
You hit the ball python but do no damage.
The ball python is poisoned.
The ball python barely misses you. x2
You hit the ball python.
You kill the ball python!
No target in view!
Your +0 short sword of venom stops dripping with poison.
b - a +1 sling (weapon)
Items here: )) [ †.
There is an escape hatch in the floor, spattered with blood here.
w - 2 bubbling silvery potions (gained 1)
A ball python comes into view.
You shoot a sling bullet. The sling bullet hits the ball python.
The ball python hisses angrily.
The ball python is heavily wounded.
You shoot a sling bullet.
The sling bullet closely misses the ball python.
You shoot a sling bullet. The sling bullet hits the ball python.
You kill the ball python!
No target in view!
No target in view!
Items here: )) [ †.
You see here a +0 club.
You see here a +0 dagger.
Done exploring.
Search for what [Enter for "d:", or ? for help]? d: Unknown command.
There is a stone staircase leading down here.
You climb downwards.
Found 11 gold pieces.
There is a stone staircase leading up here.
You shoot a sling bullet. The sling bullet hits the hound.
The hound barks!
The hound is moderately wounded.
You shoot a sling bullet. The sling bullet hits the hound.
The hound is heavily wounded.
The hound stops to sniff the ground.
You shoot a sling bullet.
The sling bullet closely misses the hound.
Your +0 short sword of venom begins to drip with poison!
a - a +0 short sword of venom (weapon)
The hound misses you.
You hit the hound.
The hound is poisoned.
The hound is heavily wounded.
The hound closely misses you.
You closely miss the hound.
The hound is severely wounded.
The hound closely misses you. x2
You closely miss the hound.
The hound is heavily wounded.
The hound barely misses you.
An iguana comes into view.
You barely miss the hound.
The hound is severely wounded.
The iguana hisses angrily.
The hound misses you. The hound closely misses you.
You hit the hound.
The hound looks even sicker.
The hound is severely wounded.
The hound closely misses you.
You hit the hound.
The hound looks as sick as possible!
The hound is almost dead.
You kill the hound!
Your +0 short sword of venom stops dripping with poison.
b - a +1 sling (weapon)
You shoot a sling bullet.
The sling bullet hits the iguana but does no damage.
You shoot a sling bullet. The sling bullet hits the iguana.
The iguana is moderately wounded.
Your +0 short sword of venom begins to drip with poison!
a - a +0 short sword of venom (weapon)
You hit the iguana.
The iguana is severely wounded.
The iguana misses you.
You hit the iguana.
The iguana is poisoned.
The iguana is almost dead.
You kill the iguana!
Your Fighting skill increases to level 3!
Your Stealth skill increases to level 3!
No target in view!
No target in view!
Your +0 short sword of venom stops dripping with poison.
b - a +1 sling (weapon)
As you read the scroll labelled IKHEF GIPANO, it crumbles to dust.
It is a scroll of identify.
e - a scroll of summoning
As you read the scroll of identify, it crumbles to dust.
r - a scroll of fog
As you read the scroll of identify, it crumbles to dust.
f - 2 scrolls of immolation
As you read the scroll of identify, it crumbles to dust.
g - 2 scrolls of enchant weapon A steam dragon comes into view.
Found a scroll labelled WUIPUOWN TEZESM.
You shoot a sling bullet. The sling bullet hits the steam dragon.
The steam dragon is lightly wounded.
You hear a bark!
The steam dragon breathes steam at you. The ball of steam misses you.
Found a scroll of fog.
You start waiting.
A steam dragon is nearby!
Your +0 short sword of venom begins to drip with poison!
a - a +0 short sword of venom (weapon)
You completely miss the steam dragon.
The steam dragon is lightly wounded.
The steam dragon breathes steam at you. The ball of steam hits you!
A hound comes into view.
You hear an angry hiss.
The hound pauses to sniff the ground.
You barely miss the steam dragon.
The steam dragon is lightly wounded.
You are engulfed in a cloud of scalding steam.
The steam dragon barely misses you. The steam dragon completely misses you.
You barely miss the steam dragon.
The steam dragon is lightly wounded.
The hound barely misses you. The steam dragon breathes steam at you.
The ball of steam hits you!!
You hear a howl!
An iguana comes into view.
The iguana hisses angrily.
Things that are here:
an iguana corpse; a hound corpse You closely miss the steam dragon.
The steam dragon is lightly wounded.
The steam dragon breathes steam at you. The ball of steam misses you.
A howler monkey comes into view.
The steam dragon bites you. The steam dragon closely misses you.
The steam dragon breathes steam at you. The ball of steam misses you.
Found 11 gold pieces.
The howler monkey misses you.
The howler monkey hits you but does no damage.
Found a scroll labelled TAVUUGHISE.
A jelly comes into view.
The howler monkey attacks as you move away!
The howler monkey hits you.
Found a stone staircase leading up.
The howler monkey attacks as you move away!
The howler monkey barely misses you. The iguana misses you.
The iguana bites you. The howler monkey hits you.
* * * LOW HITPOINT WARNING * * *
The iguana barely misses you. The steam dragon breathes steam at you.
The ball of steam misses you. The iguana attacks as you move away!
The iguana bites you.
* * * LOW HITPOINT WARNING * * *
The hound is engulfed in a cloud of scalding steam.
The howler monkey hoots and howls with incredible vigour!
You hear a bark!
You hear a howl!
You hear a shout!
You hear an angry hiss.
Things that are here:
an iguana corpse; a hound corpse The hound barely misses you.
There is a stone staircase leading up here.
The hound bites you.
* * * LOW HITPOINT WARNING * * *
The iguana bites you!
* * * LOW HITPOINT WARNING * * *
You climb upwards.
There is a stone staircase leading down here.
The iguana bites you.
* * * LOW HITPOINT WARNING * * *
The hound bites you but does no damage. The hound closely misses you.
Casting: Slow (safe; 9% risk of failure)
Confirm with . or Enter, or press ? or * to list all spells.
Aiming: Slow (safe; 9% risk of failure)
Press: ? - help, Shift-Dir - straight line, f - hound
Aim: a hound (moderately wounded, chance to affect: 50%)
The hound seems to slow down.
The hound bites you.
You die...

Skill      XL: |  1  2  3  4  5  6 |
---------------+-------------------+-----
Fighting       | 1 2 3 |  3.0
Dodging        | 2 3 4 |  4.6
Stealth        | 1 2 3 |  3.0
Long Blades    | 1 2 |  2.9
Ranged Weapons | |  1.7
Spellcasting   | |  1.0
Hexes          | |  2.6

Action                     |  1- 3 |  4- 6 || total
---------------------------+-------+-------++-------
  Melee: Short sword       |       |    57 ||    57
         Punch             |       |     1 ||     1
         War axe           |       |     9 ||     9
   Fire: Sling             |   160 |   139 ||   299
  Throw: Dart              |       |     5 ||     5
   Cast: Slow              |       |     8 ||     8
    Use: Potion            |       |     1 ||     1
         Scroll            |       |     4 ||     4
 Armour: Robe              |    12 |    20 ||    32
  Dodge: Dodged            |    57 |   105 ||   162

Levels and vault maps discovered:
D:1:      dpeg_arrival_tiny_c, layout_loops_ring
D:2:      layout_rooms, basic_altar
D:3:      layout_loops_cross, minmay_misc_feat_encased
D:4:      minmay_evil_eye, layout_loops_ring, fedhas_altar_2
D:5:      layout_rooms, mainiacjoe_overflow_small_starburst, temple_fountains,
          uniq_menkaure

Notes
Turn   | Place    | Note
-------+----------+-------------------------------------------
     0 | D:1      | scionoferis the Demigod Hexslinger began the quest for the
                  | Orb.
     0 | D:1      | Reached XP level 1. HP: 15/15 MP: 4/4
   117 | D:1      | Reached skill level 1 in Fighting
   123 | D:1      | Reached skill level 2 in Dodging
   188 | D:1      | Reached XP level 2. HP: 23/23 MP: 5/5
   380 | D:1      | Reached skill level 1 in Stealth
   732 | D:2      | Reached XP level 3. HP: 28/28 MP: 6/6
  1014 | D:2      | Reached skill level 3 in Dodging
  1560 | D:3      | Reached XP level 4. HP: 36/36 MP: 8/8
  1614 | D:3      | Noticed a black bear
  1678 | D:3      | Reached skill level 2 in Fighting
  1687 | D:3      | Reached skill level 1 in Long Blades
  1692 | D:3      | Reached skill level 2 in Stealth
  1793 | D:3      | Killed a black bear
  1794 | D:3      | Reached XP level 5. HP: 23/42 MP: 7/9
  2467 | D:4      | Reached skill level 2 in Long Blades
  2467 | D:4      | Reached skill level 4 in Dodging
  2558 | D:4      | Reached XP level 6. HP: 50/50 MP: 10/10
  3278 | D:5      | Entered Level 5 of the Dungeon
  3295 | D:5      | Reached skill level 3 in Fighting
  3295 | D:5      | Reached skill level 3 in Stealth
  3302 | D:5      | Noticed a steam dragon
  3332 | D:5      | HP: 5/51 [iguana (6)]
  3334 | D:4      | HP: 1/51 [iguana (4)]
  3337 | D:4      | Slain by a hound

Vanquished Creatures
  A black bear (D:3)
  A necrophage (D:4)
  A scorpion (D:3)
  2 hounds (D:4 D:5)
  3 jellies (D:4)
  An iguana (D:5)
  An orc wizard (D:4)
  3 adders (D:2 D:4)
  3 worms (D:3 D:4)
  4 dart slugs (D:1 D:3 D:4)
  12 orcs (D:3 D:4)
  3 bats (D:1 D:3)
  11 endoplasms (D:1 D:2 D:3 D:4)
  7 giant cockroaches (D:1 D:2 D:3 D:4)
  9 goblins (D:1 D:2 D:3 D:4)
  5 hobgoblins (D:1 D:2 D:3 D:4)
  5 quokkas (D:1 D:3 D:4)
  9 ball pythons (D:1 D:2 D:4)
  4 frilled lizards (D:2 D:3)
  7 kobolds (D:1 D:2 D:3 D:4)
  6 rats (D:1 D:3)
98 creatures vanquished.

Table legend: (Time is in decaauts)
 A = Elapsed time spent in this place.
 B = Non-inter-level travel time spent in this place.
 C = Inter-level travel time spent in this place.
 D = Time resting spent in this place.
 E = Time spent auto-exploring this place.
 F = Levels seen in this place.
 G = Mean time per level.
                   A        B        C        D        E       F      G
               +--------+--------+--------+--------+--------+-----+--------+
         Total |   3420 |   3202 |    218 |    149 |   2309 |   5 |  684.0 |
       Dungeon |   3420 |   3202 |    218 |    149 |   2309 |   5 |  684.0 |
               +--------+--------+--------+--------+--------+-----+--------+

Top non-repeatable levels by time:
     D:4: 998 daAuts
     D:3: 888 daAuts
     D:1: 746 daAuts
     D:2: 732 daAuts
     D:5: 53 daAuts

Table legend:
 A = Non-vault XP
 B = Vault XP
 C = Vault XP percentage of total XP
 D = Non-vault monster count
 E = Vault monster count
 F = Vault count percentage of total count
                 A         B        C        D         E       F
            +---------+---------+-------+---------+---------+-------
      Total |     653 |     140 |  17.7 |      93 |       5 |   5.1
            +---------+---------+-------+---------+---------+-------
        D:1 |      43 |       0 |   0.0 |      24 |       0 |   0.0
        D:2 |      50 |       0 |   0.0 |      16 |       0 |   0.0
        D:3 |     240 |       0 |   0.0 |      19 |       0 |   0.0
        D:4 |     240 |     140 |  36.8 |      32 |       5 |  13.5
        D:5 |      80 |       0 |   0.0 |       2 |       0 |   0.0
            +---------+---------+-------+---------+---------+-------
